 Dungeon Crawl Stone Soup version 0.31-a0-1626-g5cb510d322 (webtiles) character file.

Game seed: 17050476504968709239

127 dorian the Ruffian (level 5, -3/34 HPs)
             Began as an Octopode Shapeshifter on Jan 12, 2024.
             Slain by an iguana (13 damage)
             ... on level 3 of the Dungeon.
             The game lasted 00:02:47 (2285 turns).

dorian the Ruffian (Octopode Shapeshifter)          Turns: 2285, Time: 00:02:47

Health: -3/34      AC:  1    Str: 15    XL:     5   Next: 11%
Magic:  14/14      EV: 13    Int: 12    God:
Gold:   91         SH:  0    Dex: 12    Spells: 4/4 levels left

rFire   . .          .
                       - Unarmed
rCold   x . .        (no shield)
rNeg    + + .        (helmet currently unavailable)
rPois   +            (no amulet)
rElec   .            d - ring "Ivutoim" {Fly rPois rC- rN++ rCorr}
rCorr   +            g - ring of magical power
SInv    .            (no ring)
Will    .....        (no ring)
Stlth   ++           (no ring)
HPRegen 0.25/turn    (no ring)
MPRegen 0.14/turn    (no ring)
                     (no ring)

%: no passive effects
@: beast-form, flying
A: beast (slay +2), almost no armour, amphibious, 8 rings, camouflage 1,
gelatinous body 1, (nimble swimmer 1), tentacles
a: Begin Untransformation


You were on level 3 of the Dungeon.
You were a hulking beast.
You visited 1 branch of the dungeon, and saw 3 of its levels.

You collected 91 gold pieces.

Inventory:

Jewellery
 d - the ring "Ivutoim" (left tentacle) {Fly rPois rC- rN++ rCorr}
   (You acquired it on level 1 of the Dungeon)

   [ring of poison resistance]

   rC-:       It makes you vulnerable to cold.
   rPois:     It protects you from poison rN++: It greatly protects you from
   negative energy.
   Fly:       It grants you flight.
   rCorr:     It protects you from acid and corrosion.
 g - a ring of magical power (right tentacle)
Talismans
 b - a beast talisman
 c - a flux talisman
 f - a maw talisman
Wands
 j - a wand of digging (3)
Potions
 a - a potion of lignification
 e - a potion of brilliance {unknown}
 h - 2 potions of magic {unknown}
 i - a potion of invisibility {unknown}


   Skills:
 + Level 2.0 Fighting
 + Level 2.7 Dodging
 * Level 4.0 Unarmed Combat
 * Level 3.9 Shapeshifting


You had 4 spell levels left.
You didn't know any spells.
Your spell library contained the following spells:

 Spells                   Type           Power      Damage    Failure   Level
 Slow                     Hex            0%         N/A       32%         1
 Confusing Touch          Hex            0%         N/A       69%         3
 Sigil of Binding         Hex            0%         N/A       69%         3
 Vampiric Draining        Necr           0%         2d6       69%         3


Dungeon Overview and Level Annotations

Branches:
Dungeon (3/15)

Altars:
Gozag


Innate Abilities, Weirdness & Mutations

You are a hulking beast.
Your limbs bulge with bestial killing power. (Slay +2)
You cannot wear most types of armour.
You are amphibious.
You can wear up to eight rings at the same time.
Your skin changes colour to match your surroundings (Stealth+).
Your rubbery body absorbs attacks. (AC +1, EV +1)
((You are camouflaged when in or above water. (Stealth+)))
You have tentacles for arms and can constrict up to eight enemies at once.


Message History

No target in view!
No target in view!
Found a stone staircase leading up.
j - a wand of digging (3)
There is a stone staircase leading up here.
Found a robe.
Found a stone staircase leading down.
You pick up a book of Debilitation and begin reading...
You add the spells Slow, Sigil of Binding, Vampiric Draining and Confusing Touch to your library.
Okay, then.
There is a stone staircase leading down here.
A frilled lizard comes into view.
The frilled lizard hisses.
A frilled lizard is nearby!
The frilled lizard misses you.
You tentacle-slap the frilled lizard.
You kill the frilled lizard!
No target in view!
An iguana comes into view.
An iguana is nearby!
The iguana hisses angrily.
The iguana closely misses you.
You barely miss the iguana. Your grab misses the iguana.
Your squeeze misses the iguana. The iguana closely misses you.
You barely miss the iguana. Your grab misses the iguana. The iguana bites you!
You barely miss the iguana. You grab the iguana.
You constrict the iguana, but do no damage.
The iguana misses you.
You tentacle-slap the iguana.
You squeeze the iguana, but do no damage.
The iguana is heavily wounded.
You constrict the iguana, but do no damage.
The iguana bites you!
* * * LOW HITPOINT WARNING * * *
You are too injured to fight recklessly!
You are too injured to fight recklessly!
You tentacle-slap the iguana.
The iguana is severely wounded.
You constrict the iguana. The iguana bites you!
You die...

# #....##.....# #
#..##.....### #
#..##.#.### #
#..##.### #
#..##.+ # ###..#
## # ....# #
##.#######.### #
#......hl....# #
#..#######.### #
#..#
##########..#####
....>............#
################..


You could see an iguana.

Vanquished Creatures
  2 orc wizards (D:3)
  3 adders
  A dart slug (D:2)
  2 orcs (D:3)
  A ball python (D:3)
  4 endoplasms
  2 giant cockroaches
  3 goblins
  6 hobgoblins
  2 jackals (D:2)
  7 kobolds
  3 quokkas
  2 bats
  6 frilled lizards
  2 rats (D:1)
46 creatures vanquished.

Notes
Turn   | Place    | Note
-------+----------+-------------------------------------------
     0 | D:1      | dorian the Octopode Shapeshifter began the quest for the
                  | Orb.
     0 | D:1      | Reached XP level 1. HP: 13/13 MP: 1/1
   237 | D:1      | Reached XP level 2. HP: 18/18 MP: 2/2
   900 | D:1      | Identified a scroll of acquirement
   900 | D:1      | Acquired the ring "Ivutoim" {Fly rPois rC- rN++ rCorr}
  1213 | D:2      | Reached XP level 3. HP: 23/23 MP: 3/3
  2022 | D:3      | Found an opulent altar of Gozag.
  2025 | D:3      | Reached XP level 4. HP: 28/28 MP: 4/4
  2101 | D:3      | Reached skill level 4 in Unarmed Combat
  2101 | D:3      | Reached XP level 5. HP: 19/34 MP: 5/5
  2285 | D:3      | Slain by an iguana

Illustrated notes

Levels and vault maps discovered:
D:1:      kennysheep_arrival_seaside, layout_loops_ring
D:2:      layout_basic, chequers_jeans, serial_bayou_crossing
D:3:      layout_loops_ring, nicolae_gozag_cash_rules_everything_around_me,
          minmay_overflow_temple_star_quad, nicolae_overflow_hidden_temple

Skill      XL: |  1  2  3  4  5 |
---------------+----------------+-----
Unarmed Combat | 4 |  4.0
Fighting       | 2 |  2.0
Dodging        | |  2.7
Shapeshifting  | |  3.9

Action                     |  1- 3 |  4- 6 || total
---------------------------+-------+-------++-------
  Melee: Unarmed           |    72 |    29 ||   101
         Constrict         |    14 |     5 ||    19
         Tentacles         |    14 |     5 ||    19
         Punch             |     1 |       ||     1
    Use: Scroll            |     3 |       ||     3
   Stab: Sleeping          |    10 |       ||    10
 Armour: Skin              |    23 |    14 ||    37
  Dodge: Dodged            |    31 |    13 ||    44

Table legend: (Time is in decaauts)
 A = Elapsed time spent in this place.
 B = Non-inter-level travel time spent in this place.
 C = Inter-level travel time spent in this place.
 D = Time resting spent in this place.
 E = Time spent auto-exploring this place.
 F = Levels seen in this place.
 G = Mean time per level.
                   A        B        C        D        E       F      G
               +--------+--------+--------+--------+--------+-----+--------+
         Total |   2277 |   2178 |     99 |    100 |   1818 |   3 |  759.0 |
       Dungeon |   2277 |   2178 |     99 |    100 |   1818 |   3 |  759.0 |
               +--------+--------+--------+--------+--------+-----+--------+

Top non-repeatable levels by time:
     D:1: 1067 daAuts
     D:2: 933 daAuts
     D:3: 276 daAuts
